 Dungeon Crawl Stone Soup version bcrawl-1.12.2 (webtiles) character file.

Game seed: 8914067754693722988

12 Ebbett the Stinger (level 2, -3/17 HPs)
             Began as an Octopode Venom Mage on July 22, 2019.
             Slain by a hobgoblin
             ... wielding a +0 club
              (5 damage)
             ... on level 1 of the Dungeon.
             The game lasted 00:01:31 (246 turns).

Ebbett the Stinger (Octopode Venom Mage)             Turns: 246, Time: 00:01:32

Health: -3/17      AC:  1    Str:  7    XL:     2   Next: 33%
Magic:  4/5        EV: 13    Int: 17    God:
Gold:   40         SH:  0    Dex: 12    Spells: 4/5 levels left

rFire    . . .     SeeInvis .   e - -1 whip (curse)
rCold    . . .     Gourm    .   (no shield)
rNeg     . . .     Faith    .   (helmet restricted)
rPois    .         Spirit   .   (cloak restricted)
rElec    .         Reflect  .   (no amulet)
rCorr    .         Harm     .   i - +3 ring of slaying
MR       .....                  (no ring)
Stlth    +++.......             (no ring)
HPRegen  0.05/turn              (no ring)
MPRegen  0.09/turn              (no ring)
                                (no ring)
                                (no ring)
                                (no ring)

@: no status effects
A: almost no armour, stealthy swim, amphibious, 8 rings, constrict 8, camouflage
1, gelatinous body 1
a: no special abilities


You were on level 1 of the Dungeon.
You were not hungry.

You visited 1 branch of the dungeon, and saw 1 of its levels.

You collected 40 gold pieces.

Inventory:

Hand Weapons
 e - a cursed -1 whip (weapon)
 g - a +0 mace
Jewellery
 i - a +3 ring of slaying (left tentacle)
Scrolls
 a - a scroll of blinking {unknown}
 f - a scroll of fog {unknown}
 j - a scroll of immolation {unknown}
Potions
 b - a potion of berserk rage
 c - a potion of degeneration
 h - a potion of agility {unknown}
Comestibles
 d - a ration {!d}


   Skills:
 + Level 0.4 Maces & Flails
 + Level 2.0 Dodging
 + Level 3.2 Stealth
 + Level 2.1 Spellcasting
 + Level 1.0 Conjurations
 + Level 4.1 Poison Magic


You had 4 spell levels left.
You knew the following spells:

 Your Spells              Type           Power        Failure   Level  Hunger
a - Sting                 Conj/Pois      ##..         7%          1    #......

Your spell library contained the following spells:

 Spells                   Type           Power        Failure   Level  Hunger
 Poisonous Vapours        Pois/Air       #.....       12%         2    ###....
 Ignite Poison            Fire/Tmut/Pois #.......     32%         3    ###....
 Olgreb's Toxic Radiance  Pois           ###.....     34%         4    #####..
 Summon Scorpions         Summ/Pois      #.......     63%         4    #####..
 Venom Bolt               Conj/Pois      ##........   88%         5    ######.


Dungeon Overview and Level Annotations

Branches:
Dungeon (1/12)

Altars:


Innate Abilities, Weirdness & Mutations

You cannot wear most types of armour.
You are very stealthy in the water. (Stealth+)
You are amphibious.
You can wear up to eight rings at the same time.
You can use your tentacles to constrict eight enemies at once.
Your skin changes colour to match your surroundings (Stealth+).
Your rubbery body absorbs attacks. (AC +1, EV +1)


Message History

j - a scroll labeled JAOCUE KOBOYSCH You see here a hunting sling.
i - a +3 ring of slaying (left tentacle)
A hobgoblin comes into view. It is wielding a +0 club.
A hobgoblin is nearby!
A hobgoblin is nearby!
Casting: Sting (safe; 7% risk of failure)
Confirm with . or Enter, or press ? or * to list all spells.
Aiming: Sting (safe; 7% risk of failure)
Press: ? - help, Shift-Dir - straight line, f - hobgoblin
Aim: a hobgoblin, wielding a +0 club (resting)
The sting hits the hobgoblin.
The hobgoblin is poisoned.
The hobgoblin is lightly wounded.
The hobgoblin shouts!
Casting: Sting (safe; 7% risk of failure)
Confirm with . or Enter, or press ? or * to list all spells.
You don't know that spell.
Unknown command.
The hobgoblin hits you with a +0 club.
You die...

... #.. ##....#... ......
..#.#.... ......
##........ ........ #
...........>......
#.##.#.#.............
#.........###........
#g#.#....#........
#@#.#.............
#.).#.............
#.....#'#.........
########.....#.#.........
.....[.......#+#.........
.[...........#.#.........
............##'##........
........#####...#####†##.
........).'.'.<.'.+.')##.


You could see a hobgoblin.

Vanquished Creatures
  2 leopard geckos (D:1)
  A goblin (D:1)
  A hobgoblin (D:1)
  2 kobolds (D:1)
  5 rats (D:1)
11 creatures vanquished.

Notes
Turn   | Place    | Note
-------+----------+-------------------------------------------
     0 | D:1      | Ebbett the Octopode Venom Mage began the quest for the Orb.
     0 | D:1      | Reached XP level 1. HP: 11/11 MP: 3/3
   104 | D:1      | Reached skill level 4 in Poison Magic
   104 | D:1      | Reached XP level 2. HP: 12/17 MP: 0/5
   246 | D:1      | Slain by a hobgoblin

Skill      XL: |  1 |
---------------+----+-----
Poison Magic   | 4 |  4.1
Maces & Flails | |  0.4
Dodging        | |  2.0
Stealth        | |  3.2
Spellcasting   | |  2.1
Conjurations   | |  1.0

Action                   || total
-------------------------++-------
Melee: Whip              ||    17
       Constrict         ||     7
       Unarmed           ||     3
       Tentacles         ||     2
 Cast: Sting             ||     7
Armor: Skin              ||     2
Dodge: Dodged            ||    12
